 Dungeon Crawl Stone Soup version 0.29-a0-555-g3b24f45cc1 (webtiles) character file.

Game seed: 6291215525288484734

1352 enile the Skirmisher (level 8, 0/64 HPs)
             Began as a Formicid Cinder Acolyte on June 7, 2022.
             Was a Believer of Ignis.
             Slain by an ogre
             ... wielding a +0 giant club
              (34 damage)
             ... on level 5 of the Dungeon.
             The game lasted 00:18:22 (7526 turns).

enile the Skirmisher (Formicid Cinder Acolyte)      Turns: 7526, Time: 00:18:23

Health: 0/64       AC:  2    Str: 22      XL:     8   Next: 95%
Magic:  5/11       EV: 11    Int: 12 (13) God:    Ignis [**....]
Gold:   291        SH:  0    Dex:  4 (6)  Spells: 5/11 levels left

rFire   + . .      SeeInvis +   f - +0 dire flail (protect)
rCold   . . .      Faith    .   (no shield)
rNeg    . . .      Spirit   .   b - +0 robe
rPois   +          Reflect  .   (helmet unavailable)
rElec   .          Harm     .   (no cloak)
rCorr   .          Rampage  .   (no gloves)
Will    .....                   (no boots)
Stlth   +.........              (no amulet)
HPRegen 0.20/turn               i - ring of poison resistance
MPRegen 0.12/turn               A - ring of flight

@: flying, studying Polearms
A: permanent stasis, dig shafts and tunnels, antennae 3, four strong arms, beak
a: Dig, Shaft Self, Renounce Religion, Fiery Armour, Foxfire Swarm, Rising Flame


You were on level 5 of the Dungeon.
You worshipped Ignis.
Ignis was pleased with you.
You visited 1 branch of the dungeon, and saw 6 of its levels.
You also visited: Sewer.

You collected 291 gold pieces.

Inventory:

Hand Weapons
 a - a -1 hand axe of flaming
 f - a +0 dire flail of protection (weapon)
 h - a +1 whip of pain
Missiles
 c - 26 poisoned darts (quivered)
 k - a throwing net
 w - 5 atropa-tipped darts
 F - 2 curare-tipped darts
Armour
 b - a +0 robe (worn)
 j - a +1 hat
 G - the +5 ring mail of the Valley {rPois}
   (You found it on level 5 of the Dungeon)

   rPois:     It protects you from poison.
Jewellery
 i - a ring of poison resistance (left hand)
 o - a ring of ice
 s - the ring "Igutes" {Fire *Corrode rElec rPois}
   (You found it on level 3 of the Dungeon)

   [ring of fire]

   It enhances your fire magic.
   rF:        It protects you from fire.
   rC:        It makes you vulnerable to cold.
   rElec:     It insulates you from electricity.
   rPois:     It protects you from poison.
   *Corrode:  It may corrode you when you take damage.
 A - a ring of flight (right hand)
Wands
 t - a wand of flame (6)
Scrolls
 e - 2 scrolls of enchant weapon {unknown}
 g - a scroll of magic mapping
 p - a scroll of amnesia
 q - 2 scrolls of torment
 r - 3 scrolls of teleportation {unknown}
 y - a scroll of enchant armour {unknown}
 B - 2 scrolls of poison {unknown}
 C - a scroll of silence {unknown}
 D - a scroll of immolation {unknown}
 J - a scroll of brand weapon {unknown}
Potions
 d - a potion of flight
 l - 4 potions of haste
 m - a potion of experience {unknown}
 n - a potion of mutation
 u - a potion of heal wounds
 v - 3 potions of curing {unknown}
 x - a potion of attraction
 z - 2 potions of resistance {unknown}
 E - a potion of brilliance {unknown}
 H - 4 potions of invisibility {unknown}
 I - a potion of might {unknown}


   Skills:
 - Level 6.0 Fighting
 - Level 3.3(4.4) Axes
 - Level 4.4(5.0) Maces & Flails
 - Level 3.0 Dodging
 - Level 2.0 Spellcasting
 - Level 3.0 Hexes
 - Level 2.0 Translocations
 - Level 5.0 Fire Magic
 + Level 3.8 Evocations


You had 5 spell levels left.
You knew the following spells:

 Your Spells              Type           Power      Damage    Failure   Level
a - Scorch                Fire           26%        2d6       5%          2
b - Apportation           Tloc           12%        N/A       12%         1
c - Inner Flame           Hex/Fire       10%        N/A       16%         3

Your spell library contained the following spells:

 Spells                   Type           Power      Damage    Failure   Level
 Foxfire                  Conj/Fire      28%        2x1d5     10%         1
 Conjure Flame            Conj/Fire      7%         6-21      28%         3
 Sublimation of Blood     Necr           1%         N/A       38%         2
 Wereblood                Tmut           1%         N/A       38%         2
 Flame Wave               Conj/Fire      7%         2d5       67%         4
 Alistair's Intoxication  Tmut/Pois      0%         N/A       100%        5
 Summon Hydra             Summ           0%         N/A       100%        7


Dungeon Overview and Level Annotations

Branches:
Dungeon (6/15)              Sewer (visited)
 Temple: D:4-7

Altars:

Shops:
D:1 ?   D:2 :

Annotations:
D:4 2 runed translucent doors, DocClef's ghost, amateur GnDe
D:5 Pikel
D:6 1 runed translucent door, Heh's ghost, novice OpWz


Innate Abilities, Weirdness & Mutations

You cannot be hasted, slowed, berserked, paralysed or teleported.
You can dig through walls and to a lower floor.
You have a pair of large antennae on your head. (SInv)
Your four strong arms can wield two-handed weapons with a shield.
You have a beak for a mouth.


Message History

You kill the adder!
No target in view!
No target in view!
No target in view!
No target in view!
No target in view!
No target in view!
No target in view!
No target in view!
No target in view!
No target in view!
No target in view!
No target in view!
No target in view!
No target in view!
You see here an adder corpse.
The ogre shouts!
There is a stone staircase leading up here.
Throw: 27 darts (poison)
Press: ? - help, Q - select action, (/) - cycle Shift-Dir - straight line, f - ogre
Aim: an ogre, wielding a +0 giant club (71% to hit)
You throw a poisoned dart. The poisoned dart hits the ogre.
Casting: Scorch (safe; 5% risk of failure)
Confirm with . or Enter, or press ? or * to list all spells.
Flames lash the ogre.
The ogre is moderately wounded.
The ogre's fire resistance burns away.
The ogre barely misses you.
Casting: Scorch (safe; 5% risk of failure)
Confirm with . or Enter, or press ? or * to list all spells.
Flames lash the ogre.
The ogre is burned terribly!
The ogre is heavily wounded.
The ogre hits you with a +0 giant club!!
Casting: Scorch (safe; 5% risk of failure)
Confirm with . or Enter, or press ? or * to list all spells.
Flames lash the ogre.
The ogre is burned terribly!
The ogre is severely wounded.
The ogre hits you with a +0 giant club!!
Ouch! That really hurt!
You die...

#.# ####..####.# #.#
#.# #..........# #.#
#.###.##.##.#### #.#
#.##....†##.#########.#
#.....................#
####.........##########
#.###....## #.....##.#
########@## #.O.# {
#<..# #.## { #.(.# ...
#...# ..# {. #...# ..#
#K.
#######>..#####..#..5.
#...S..............#
....................#


You could see an ogre (combustible).

Vanquished Creatures
  Grinder (Sewer)
  Edmund (D:6)
  An ice beast (D:5)
  An ogre (D:6)
  3 lemures (D:4)
  2 kobold brigands (Sewer)
  3 necrophages
  A scorpion (D:6)
  5 wights (D:6)
  A howler monkey (D:6)
  A hound (D:6)
  An iguana (D:6)
  2 adders
  4 ufetubi (Sewer)
  An adder zombie (Sewer)
  2 worms
  A dart slug (D:1)
  7 ball pythons
  3 bats
  11 endoplasms
  10 giant cockroaches
  7 goblins
  5 hobgoblins
  13 jackals
  23 kobolds
  6 quokkas
  3 frilled lizards
  A giant cockroach zombie (Sewer)
  A kobold zombie (Sewer)
  6 rats
127 creatures vanquished.

Vanquished Creatures (others)
  54 foxfires
54 creatures vanquished.

Grand Total: 181 creatures vanquished

Notes
Turn   | Place    | Note
-------+----------+-------------------------------------------
     0 | D:1      | enile the Formicid Cinder Acolyte began the quest for the
                  | Orb.
     0 | D:1      | Reached XP level 1. HP: 18/18 MP: 2/2
   130 | D:1      | Reached XP level 2. HP: 2/24 MP: 4/4
   855 | D:1      | Reached XP level 3. HP: 27/29 MP: 5/5
   858 | D:1      | Learned a level 2 spell: Scorch
  1039 | D:1      | Found a faded altar of an unknown god.
  1400 | D:1      | Found Ozyipne's Magic Scroll Shop.
  1599 | D:2      | Found Awuar's Book Emporium.
  1711 | D:2      | Learned a level 1 spell: Apportation
  1771 | D:2      | Reached skill level 4 in Fighting
  1911 | D:2      | Reached XP level 4. HP: 36/37 MP: 1/6
  2326 | D:2      | Learned a level 3 spell: Inner Flame
  2367 | D:3      | Reached skill level 1 in Hexes
  2421 | D:3      | Identified the +1 helmet of Feog {Rampage +Blink Will+}
  2438 | D:3      | Identified the ring "Igutes" {Fire *Corrode rElec rPois}
  3104 | D:4      | Noticed a necrophage
  3115 | D:4      | Killed a necrophage
  3116 | D:4      | Reached skill level 1 in Dodging
  3116 | D:4      | Reached XP level 5. HP: 30/42 MP: 3/8
  3918 | D:4      | Found a large runed translucent door.
  3918 | D:4      | Found a large runed translucent door.
  3928 | D:4      | Noticed DocClef's ghost (amateur GnDe)
  3987 | D:5      | Entered Level 5 of the Dungeon
  4011 | D:5      | Identified the +5 ring mail of the Valley {rPois}
  4068 | D:5      | Noticed an ice beast
  4081 | D:5      | Killed an ice beast
  4082 | D:5      | Reached skill level 1 in Translocations
  4082 | D:5      | Reached XP level 6. HP: 6/48 MP: 1/9
  4545 | D:5      | Noticed Pikel
  5218 | D:5      | Noticed an ogre
  5250 | D:6      | Reached XP level 7. HP: 49/54 MP: 3/10
  5274 | D:6      | Found a runed translucent door.
  5275 | D:6      | Noticed Heh's ghost (novice OpWz)
  5328 | D:6      | Reached skill level 5 in Fire Magic
  5347 | D:6      | Noticed Edmund
  5386 | D:6      | Killed Edmund
  5387 | D:6      | Reached skill level 5 in Fighting
  5404 | D:6      | Found a glowing drain.
  5415 | Sewer    | Entered a sewer
  5609 | Sewer    | Reached XP level 8. HP: 64/64 MP: 3/11
  5784 | Sewer    | Found an ancient bone altar of Kikubaaqudgha.
  5814 | Sewer    | Reached skill level 6 in Fighting
  5814 | Sewer    | Reached skill level 1 in Maces & Flails
  6331 | Sewer    | Gained mutation: Your spells are a little harder to cast,
                  | but a little more powerful. [potion of mutation]
  6331 | Sewer    | Gained mutation: You have a beak for a mouth. [potion of
                  | mutation]
  6331 | Sewer    | Lost mutation: Your spells are a little harder to cast, but
                  | a little more powerful. [potion of mutation]
  6364 | Sewer    | Noticed Grinder
  6582 | Sewer    | Killed Grinder
  6955 | D:6      | Reached skill level 1 in Evocations
  7465 | D:6      | Noticed a two-headed ogre
  7526 | D:5      | Slain by an ogre

Illustrated notes

Levels and vault maps discovered:
D:1:      scummos_arrival_star, layout_basic, basic_ecumenical_altar,
          serial_shops, shop, minmay_misc_feat_tiny, dk_noncrumbling_3,
          hangedman_decor_lopped, minmay_vboxes
D:2:      layout_rooms, serial_shops, shop
D:3:      layout_rooms
D:4:      layout_basic, ebering_ghost_disaster_area
D:5:      layout_loops_cross, guppyfry_early_orc_mine, uniq_pikel,
          uniq_prince_ribbit1
D:6:      layout_basic, grunt_gozag_breadcrumbs, portal_sewer_entry_f,
          ebering_ghost_reflecting_pool, nrook_uturn, minmay_manual_mullet,
          uniq_crazy_yiuf_cottage, uniq_edmund

Skill      XL: |  1  2  3  4  5  6  7  8 |
---------------+-------------------------+-----
Fighting       | 4 5 6 |  6.0
Hexes          | 3 |  3.0
Spellcasting   | 2 |  2.0
Dodging        | 1 3 |  3.0
Translocations | 1 2 |  2.0
Fire Magic     | 4 5 |  5.0
Maces & Flails | 4 |  4.4
Evocations     | 3 |  3.8
Axes           | |  3.3

Action                   |  1- 3 |  4- 6 |  7- 9 || total
-------------------------+-------+-------+-------++-------
Melee: Hand axe          |    92 |   103 |     7 ||   202
       Dire flail        |       |       |    74 ||    74
       Punch             |       |       |     3 ||     3
Throw: Dart              |     4 |     3 |    15 ||    22
 Cast: Scorch            |    13 |    34 |    42 ||    89
       Inner Flame       |       |       |     5 ||     5
Invok: Foxfire Swarm     |     1 |       |     3 ||     4
       Fiery Armour      |       |     1 |     2 ||     3
 Abil: Dig               |       |       |     1 ||     1
Evoke: Wand              |       |    13 |     3 ||    16
  Use: Scroll            |       |     8 |     4 ||    12
       Potion            |       |       |     6 ||     6
 Stab: Paralysed         |       |     4 |       ||     4
Armor: Robe              |    18 |    27 |    34 ||    79
Dodge: Dodged            |    51 |    94 |    94 ||   239

Table legend: (Time is in decaauts)
 A = Elapsed time spent in this place.
 B = Non-inter-level travel time spent in this place.
 C = Inter-level travel time spent in this place.
 D = Time resting spent in this place.
 E = Time spent auto-exploring this place.
 F = Levels seen in this place.
 G = Mean time per level.
                   A        B        C        D        E       F      G
               +--------+--------+--------+--------+--------+-----+--------+
         Total |   7568 |   7318 |    250 |     53 |   6013 |   7 | 1081.1 |
       Dungeon |   6034 |   5784 |    250 |      0 |   4816 |   6 | 1005.7 |
         Sewer |   1533 |   1533 |      0 |     53 |   1197 |   1 | 1533.0 |
               +--------+--------+--------+--------+--------+-----+--------+

Top non-repeatable levels by time:
     D:1: 1610 daAuts
     D:4: 1563 daAuts
   Sewer: 1533 daAuts
     D:2: 750 daAuts
     D:3: 737 daAuts
     D:6: 735 daAuts
     D:5: 638 daAuts
